TOP OF THE 1ST |
Peoria Chiefs batting - Pitching for Atlanta (MID) Braves : RHP Jesus Cumba
|
Pitching: RHP Jesus Cumba
|
|
Batting: LHB Jay Fenderson
|
0-0: Foul Ball, location: 2F 0-1: Ball 1-1: Ball 2-1: Foul Ball, location: 2F 2-2: Foul Ball, location: 2F 2-2: Foul Ball, location: 2F 2-2: Foul Ball, location: 2F 2-2: DOUBLE (Line Drive, 7LM, EV 100.0 MPH)
|
Batting: RHB Melvin Enriquez
|
0-0: Ball 1-0: Ground out U3 (Groundball, 34, EV 108.1 MPH) Jay Fenderson to third
|
Batting: RHB Terry Baginski
|
0-0: Ball 1-0: Ground out 6-3 (Groundball, 6, EV 89.4 MPH) Jay Fenderson scores
|
Batting: RHB Dan Boykins
|
0-0: Ball 1-0: Called Strike 1-1: SINGLE (Groundball, 56D, EV 99.4 MPH)
|
Batting: RHB Travis Leonard
|
0-0: Ball 1-0: Fielders Choice at 2nd, 5-4 (Groundball, 56, EV 81.2 MPH)
|
Top of the 1st over - 1 run, 2 hits, 0 errors, 1 left on base; Peoria 1 - Atlanta (MID) 0 |
BOTTOM OF THE 1ST |
Atlanta (MID) Braves batting - Pitching for Peoria Chiefs : RHP Ben Cook
|
Pitching: RHP Ben Cook
|
|
Batting: LHB Kevin Kantor
|
0-0: Foul Ball, location: 2F 0-1: Ball 1-1: Bunted foul 1-2: Ground out 4-3 (Groundball, 4, EV 100.0 MPH)
|
Batting: SHB Brandon McClain
|
0-0: Foul Ball, location: 2F 0-1: Ground out 3-1 (Groundball, 34S, EV 88.1 MPH)
|
Batting: RHB Xavier Davis
|
0-0: Ball 1-0: Called Strike 1-1: Swinging Strike 1-2: Ball 2-2: Foul Ball, location: 2F 2-2: Ball 3-2: Foul Ball, location: 2F 3-2: Base on Balls
|
Batting: RHB Corey Dalton
|
0-0: Ball 1-0: Fly out, F5 (Line Drive, 5, EV 71.9 MPH)
|
Bottom of the 1st over - 0 runs, 0 hits, 0 errors, 1 left on base; Peoria 1 - Atlanta (MID) 0 |
TOP OF THE 2ND |
Peoria Chiefs batting - Pitching for Atlanta (MID) Braves : RHP Jesus Cumba
|
Batting: SHB Bobby O'Leary
|
0-0: Called Strike 0-1: Foul Ball, location: 2F 0-2: Ball 1-2: Ground out 4-3 (Groundball, 4, EV 86.9 MPH)
|
Batting: RHB Justin Reich
|
0-0: Foul Ball, location: 2F 0-1: Foul Ball, location: 2F 0-2: Ball 1-2: Foul Ball, location: 2F 1-2: Fly out, F4 (Popup, 23, EV 82.5 MPH)
|
Batting: RHB Josh Martin
|
0-0: Ball 1-0: Called Strike 1-1: Ball 2-1: Foul Ball, location: 2F 2-2: Foul Ball, location: 2F 2-2: Ground out 6-3 (Groundball, 6, EV 86.2 MPH)
|
Top of the 2nd over - 0 runs, 0 hits, 0 errors, 0 left on base; Peoria 1 - Atlanta (MID) 0 |
BOTTOM OF THE 2ND |
Atlanta (MID) Braves batting - Pitching for Peoria Chiefs : RHP Ben Cook
|
Batting: RHB Mike Shook
|
0-0: Called Strike 0-1: Foul Ball, location: 2F 0-2: Ball 1-2: Ball 2-2: Foul Ball, location: 2F 2-2: Strikes out swinging
|
Batting: SHB Richello Badua
|
0-0: Called Strike 0-1: Ball 1-1: Ground out 3-1 (Groundball, 34, EV 106.9 MPH)
|
Batting: LHB Tommy Williams
|
0-0: Ball 1-0: DOUBLE (Flyball, 78D, EV 95.6 MPH)
|
Batting: RHB Johnny Burroughs
|
0-0: Ball 1-0: Ball 2-0: Ball 3-0: SINGLE (Line Drive, 6D, EV 106.9 MPH) Tommy Williams to third
|
Batting: LHB Mark Thomas
|
0-0: Called Strike 0-1: Swinging Strike 0-2: Strikes out swinging
|
Bottom of the 2nd over - 0 runs, 2 hits, 0 errors, 2 left on base; Peoria 1 - Atlanta (MID) 0 |
TOP OF THE 3RD |
Peoria Chiefs batting - Pitching for Atlanta (MID) Braves : RHP Jesus Cumba
|
Batting: RHB Perry Huse
|
0-0: Called Strike 0-1: Ball 1-1: Swinging Strike 1-2: Ball 2-2: Strikes out swinging
|
Batting: LHB Jay Fenderson
|
0-0: Called Strike 0-1: Ground out 5-3 (Groundball, 5, EV 84.4 MPH)
|
Batting: RHB Melvin Enriquez
|
0-0: Called Strike 0-1: Ground out 6-3 (Groundball, 6, EV 79.4 MPH)
|
Top of the 3rd over - 0 runs, 0 hits, 0 errors, 0 left on base; Peoria 1 - Atlanta (MID) 0 |
BOTTOM OF THE 3RD |
Atlanta (MID) Braves batting - Pitching for Peoria Chiefs : RHP Ben Cook
|
Batting: LHB Kevin Kantor
|
0-0: Ball 1-0: Swinging Strike 1-1: Foul Ball, location: 2F 1-2: Foul Ball, location: 2F 1-2: Ground out 6-3 (Groundball, 6M, EV 87.5 MPH)
|
Batting: SHB Brandon McClain
|
0-0: Called Strike 0-1: Foul Ball, location: 2F 0-2: Ground out 5-3 (Groundball, 6S, EV 70.0 MPH)
|
Batting: RHB Xavier Davis
|
0-0: Called Strike 0-1: Swinging Strike 0-2: Foul Ball, location: 2F 0-2: Ground out 5-3 (Groundball, 56, EV 91.2 MPH)
|
Bottom of the 3rd over - 0 runs, 0 hits, 0 errors, 0 left on base; Peoria 1 - Atlanta (MID) 0 |
TOP OF THE 4TH |
Peoria Chiefs batting - Pitching for Atlanta (MID) Braves : RHP Jesus Cumba
|
Batting: RHB Terry Baginski
|
0-0: Swinging Strike 0-1: Ball 1-1: Ground out 1-3 (Groundball, 13, EV 66.9 MPH)
|
Batting: RHB Dan Boykins
|
0-0: Ball 1-0: Ball 2-0: Called Strike 2-1: Swinging Strike 2-2: Ball 3-2: Strikes out swinging
|
Batting: RHB Travis Leonard
|
0-0: Ball 1-0: Fly out, F6 (Flyball, 6D, EV 82.5 MPH)
|
Top of the 4th over - 0 runs, 0 hits, 0 errors, 0 left on base; Peoria 1 - Atlanta (MID) 0 |
BOTTOM OF THE 4TH |
Atlanta (MID) Braves batting - Pitching for Peoria Chiefs : RHP Ben Cook
|
Batting: RHB Corey Dalton
|
0-0: Foul Ball, location: 2F 0-1: Called Strike 0-2: Ball 1-2: Foul Ball, location: 2F 1-2: Fly out, F3 (Line Drive, 4, EV 69.4 MPH)
|
Batting: RHB Mike Shook
|
0-0: Foul Ball, location: 2F 0-1: Ball 1-1: Swinging Strike 1-2: Strikes out looking
|
Batting: SHB Richello Badua
|
0-0: Called Strike 0-1: Ball 1-1: Ball 2-1: Foul Ball, location: 2F 2-2: Ball 3-2: Foul Ball, location: 2F 3-2: Foul Ball, location: 2F 3-2: SINGLE (Groundball, 34D, EV 96.2 MPH)
|
Batting: LHB Tommy Williams
|
0-0: Ball Richello Badua is caught stealing 2nd base 2-6
|
Bottom of the 4th over - 0 runs, 1 hit, 0 errors, 0 left on base; Peoria 1 - Atlanta (MID) 0 |
TOP OF THE 5TH |
Peoria Chiefs batting - Pitching for Atlanta (MID) Braves : RHP Jesus Cumba
|
Batting: SHB Bobby O'Leary
|
0-0: Called Strike 0-1: Foul Ball, location: 2F 0-2: Fly out, F9 (Flyball, 9, EV 90.0 MPH)
|
Batting: RHB Justin Reich
|
0-0: Called Strike 0-1: Ball 1-1: Ball 2-1: Foul Ball, location: 2F 2-2: Fly out, F4 (Popup, 3D, EV 57.5 MPH)
|
Batting: RHB Josh Martin
|
0-0: Ball 1-0: Ground out U3 (Groundball, 3L, EV 91.9 MPH)
|
Top of the 5th over - 0 runs, 0 hits, 0 errors, 0 left on base; Peoria 1 - Atlanta (MID) 0 |
BOTTOM OF THE 5TH |
Atlanta (MID) Braves batting - Pitching for Peoria Chiefs : RHP Ben Cook
|
Batting: LHB Tommy Williams
|
0-0: Ball 1-0: Called Strike 1-1: Swinging Strike 1-2: Ball 2-2: Strikes out looking
|
Batting: RHB Johnny Burroughs
|
0-0: SOLO HOME RUN (Flyball, 78XD, EV 98.1 MPH), Distance : 399 ft
|
Batting: LHB Mark Thomas
|
0-0: Foul Ball, location: 2F 0-1: Ball 1-1: Foul Ball, location: 2F 1-2: Foul Ball, location: 2F 1-2: Foul Ball, location: 2F 1-2: Fly out, F8 (Flyball, 8RXD, EV 90.6 MPH)
|
Batting: LHB Kevin Kantor
|
0-0: Called Strike 0-1: Foul Ball, location: 2F 0-2: Foul Ball, location: 2F 0-2: Ball 1-2: Foul Ball, location: 2F 1-2: Ground out 4-3 (Groundball, 4, EV 90.0 MPH)
|
Bottom of the 5th over - 1 run, 1 hit, 0 errors, 0 left on base; Peoria 1 - Atlanta (MID) 1 |
TOP OF THE 6TH |
Peoria Chiefs batting - Pitching for Atlanta (MID) Braves : RHP Jesus Cumba
|
Batting: RHB Perry Huse
|
0-0: Ball 1-0: Ball 2-0: Called Strike 2-1: SINGLE (Line Drive, 4M, EV 103.8 MPH)
|
Batting: LHB Jay Fenderson
|
0-0: Foul Ball, location: 2F 0-1: Fielders Choice at 2nd, 4-6 (Groundball, 34, EV 86.2 MPH)
|
Batting: RHB Melvin Enriquez
|
0-0: Ball 1-0: Ball 2-0: Ball 3-0: Called Strike 3-1: Swinging Strike 3-2: Strikes out swinging Jay Fenderson steals 2nd, throwing error, E2 Jay Fenderson to third
|
Batting: RHB Terry Baginski
|
0-0: Intentional Walk
|
Batting: RHB Dan Boykins
|
0-0: Ball 1-0: Ball 2-0: Ball 3-0: Called Strike 3-1: Swinging Strike 3-2: Fly out, F8 (Flyball, 8LM, EV 84.4 MPH)
|
Top of the 6th over - 0 runs, 1 hit, 1 error, 2 left on base; Peoria 1 - Atlanta (MID) 1 |
BOTTOM OF THE 6TH |
Atlanta (MID) Braves batting - Pitching for Peoria Chiefs : RHP Ben Cook
|
Pitching: LHP Luis Herrera
|
|
Batting: SHB Brandon McClain
|
0-0: Foul Ball, location: 2F 0-1: Foul Ball, location: 2F 0-2: Strikes out swinging
|
Batting: RHB Xavier Davis
|
0-0: Ball 1-0: Ball 2-0: Called Strike 2-1: Fly out, F8 (Line Drive, 8LM, EV 98.8 MPH)
|
Batting: RHB Corey Dalton
|
0-0: SINGLE (Line Drive, 7S, EV 95.0 MPH)
|
Batting: RHB Mike Shook
|
0-0: Swinging Strike 0-1: Foul Ball, location: 2F 0-2: Ball 1-2: Ground out U3 (Groundball, 3, EV 109.4 MPH)
|
Bottom of the 6th over - 0 runs, 1 hit, 0 errors, 1 left on base; Peoria 1 - Atlanta (MID) 1 |
TOP OF THE 7TH |
Peoria Chiefs batting - Pitching for Atlanta (MID) Braves : RHP Jesus Cumba
|
Batting: RHB Travis Leonard
|
0-0: Ball 1-0: Fly out, F6 (Popup, 4M, EV 53.1 MPH)
|
Batting: SHB Bobby O'Leary
|
0-0: Called Strike 0-1: Ball 1-1: Ground out 4-3 (Groundball, 4, EV 100.0 MPH)
|
Batting: RHB Justin Reich
|
0-0: Ball 1-0: DOUBLE (Groundball, 5L, EV 107.5 MPH)
|
Batting: RHB Josh Martin
|
0-0: Intentional Walk
|
Batting: RHB Perry Huse
|
0-0: Foul Ball, location: 2F 0-1: Foul Ball, location: 2F 0-2: Foul Ball, location: 2F 0-2: Ball 1-2: Ball 2-2: Foul Ball, location: 2F 2-2: Ball 3-2: Strikes out swinging
|
Top of the 7th over - 0 runs, 1 hit, 0 errors, 2 left on base; Peoria 1 - Atlanta (MID) 1 |
BOTTOM OF THE 7TH |
Atlanta (MID) Braves batting - Pitching for Peoria Chiefs : LHP Luis Herrera
|
Pitching: RHP Cory Falcon
|
|
Batting: SHB Richello Badua
|
0-0: Ball 1-0: Ball 2-0: Foul Ball, location: 2F 2-1: Ball 3-1: Foul Ball, location: 2F 3-2: Strikes out swinging, 2-3 out at first.
|
Batting: LHB Tommy Williams
|
0-0: Foul Ball, location: 2F 0-1: Ground out U3 (Groundball, 3, EV 86.9 MPH)
|
Batting: RHB Johnny Burroughs
|
0-0: Ball 1-0: Ball 2-0: Fly out, F8 (Line Drive, 8RD, EV 95.6 MPH)
|
Bottom of the 7th over - 0 runs, 0 hits, 0 errors, 0 left on base; Peoria 1 - Atlanta (MID) 1 |
TOP OF THE 8TH |
Peoria Chiefs batting - Pitching for Atlanta (MID) Braves : RHP Jesus Cumba
|
Batting: LHB Jay Fenderson
|
0-0: Ball 1-0: Ball 2-0: Ball 3-0: Called Strike 3-1: Base on Balls
|
Batting: RHB Melvin Enriquez
|
0-0: Bunt missed! 0-1: Bunt - Flyout to 15S! F1
|
Pitching: RHP Jeff Heaster
|
|
Batting: RHB Terry Baginski
|
0-0: Ball 1-0: Called Strike Jay Fenderson steals 2nd base (no throw) 1-1: Swinging Strike 1-2: Ball 2-2: SINGLE (Line Drive, 8RS, EV 103.1 MPH) Jay Fenderson to third
|
Batting: RHB Dan Boykins
|
0-0: Ball 1-0: Ball Passed Ball! Jay Fenderson scores Terry Baginski to second 2-0: Called Strike 2-1: Ball 3-1: Ground out 6-3 (Groundball, 6, EV 86.9 MPH) Terry Baginski to third
|
Batting: RHB Travis Leonard
|
0-0: Ball 1-0: Ball 2-0: Foul Ball, location: 2F 2-1: Foul Ball, location: 2F 2-2: Fly out, F8 (Line Drive, 8LD, EV 105.0 MPH)
|
Top of the 8th over - 1 run, 1 hit, 0 errors, 1 left on base; Peoria 2 - Atlanta (MID) 1 |
BOTTOM OF THE 8TH |
Atlanta (MID) Braves batting - Pitching for Peoria Chiefs : RHP Cory Falcon
|
Batting: LHB Mark Thomas
|
0-0: Ball 1-0: Called Strike 1-1: Ball 2-1: Called Strike 2-2: Strikes out looking
|
Batting: LHB Kevin Kantor
|
0-0: Called Strike 0-1: Ball 1-1: Ball 2-1: Foul Ball, location: 2F 2-2: Ball 3-2: Ground out 6-3 (Groundball, 56, EV 103.8 MPH)
|
Batting: SHB Brandon McClain
|
0-0: Called Strike 0-1: Ball 1-1: Called Strike 1-2: Fly out, F9 (Flyball, 9, EV 91.2 MPH)
|
Bottom of the 8th over - 0 runs, 0 hits, 0 errors, 0 left on base; Peoria 2 - Atlanta (MID) 1 |
TOP OF THE 9TH |
Peoria Chiefs batting - Pitching for Atlanta (MID) Braves : RHP Jeff Heaster
|
Pitching: RHP Josh Thomas
|
|
Batting: SHB Bobby O'Leary
|
0-0: Ball 1-0: Called Strike 1-1: Swinging Strike 1-2: Strikes out swinging
|
Batting: RHB Justin Reich
|
0-0: Foul Ball, location: 2F 0-1: Swinging Strike 0-2: Ball 1-2: Foul Ball, location: 2F 1-2: Ball 2-2: Ball 3-2: Base on Balls
|
Batting: RHB Josh Martin
|
0-0: Called Strike 0-1: Swinging Strike 0-2: Ball 1-2: Strikes out looking
|
Batting: RHB Perry Huse
|
0-0: Swinging Strike 0-1: Foul Ball, location: 2F 0-2: Ball 1-2: Ball 2-2: Strikes out swinging
|
Top of the 9th over - 0 runs, 0 hits, 0 errors, 1 left on base; Peoria 2 - Atlanta (MID) 1 |
BOTTOM OF THE 9TH |
Atlanta (MID) Braves batting - Pitching for Peoria Chiefs : RHP Cory Falcon
|
Pitching: LHP Nick Suggett
|
|
Batting: RHB Xavier Davis
|
0-0: Ball 1-0: Ball 2-0: Ground out 6-3 (Groundball, 56S, EV 71.9 MPH)
|
Batting: RHB Corey Dalton
|
0-0: Foul Ball, location: 2F 0-1: Called Strike 0-2: Strikes out swinging
|
Batting: RHB Mike Shook
|
0-0: Ball 1-0: Swinging Strike 1-1: Called Strike 1-2: Ball 2-2: Strikes out swinging
|
Bottom of the 9th over - 0 runs, 0 hits, 0 errors, 0 left on base; Peoria 2 - Atlanta (MID) 1 |
|